 Dungeon Crawl Stone Soup version 0.24.0-1-gfbc8707122 (webtiles) character file.

Game seed: 8741823376487957378, levelgen mode: deterministic

8271 Mrkan the Cleaver (level 11, -6/99 HPs)
             Began as a Minotaur Fighter on Oct 25, 2019.
             Was a High Priest of Zin.
             Mangled by a tyrant leech (17 damage)
             ... on level 10 of the Dungeon.
             The game lasted 00:18:49 (6759 turns).

Mrkan the Cleaver (Minotaur Fighter)                Turns: 6759, Time: 00:18:49

Health: -6/99      AC: 14    Str: 21    XL:     11   Next: 7%
Magic:  15/15      EV:  5    Int:  5    God:    Zin [*****.]
Gold:   515        SH: 12    Dex: 13    Spells: 10/10 levels left

rFire    . . .     SeeInvis .   a - +1 war axe
rCold    . . .     Gourm    .   c - +0 shield
rNeg     + . .     Faith    .   M - +0 plate armour
rPois    .         Spirit   .   (helmet restricted)
rElec    .         Reflect  .   t - +1 cloak
rCorr    .         Harm     .   (no gloves)
MR       +....                  (no boots)
Stlth    ..........             (no amulet)
HPRegen  0.26/turn              o - ring of positive energy
MPRegen  0.14/turn              w - ring of protection from magic

@: no status effects
A: retaliatory headbutt, horns 2
a: Recite, Vitalisation, Imprison, Sanctuary, Donate Gold, Renounce Religion


You were on level 10 of the Dungeon.
You worshipped Zin.
Zin was extremely pleased with you.
You were not hungry.

You visited 1 branch of the dungeon, and saw 10 of its levels.

You collected 572 gold pieces.
You donated 57 gold pieces to Zin.

Inventory:

Hand Weapons
 a - a +1 war axe (weapon)
Missiles
 d - 8 javelins (quivered)
 s - 5 silver boomerangs
Armour
 c - a +0 shield (worn)
 t - a +1 cloak (worn)
 M - a +0 plate armour (worn)
Jewellery
 b - a cursed ring of attention {unknown}
 o - a ring of positive energy (left hand)
 w - a ring of protection from magic (right hand)
 I - an uncursed ring of ice {unknown}
Wands
 j - a wand of enslavement (15)
 u - a wand of flame (35)
 A - a wand of acid (7)
 B - a wand of digging (7)
 H - a wand of iceblast (21)
Scrolls
 g - a scroll of enchant weapon
 h - a scroll of blinking {unknown}
 i - 3 scrolls of amnesia {unknown}
 k - a scroll of immolation {unknown}
 l - 9 scrolls of remove curse
 m - 5 scrolls of fear
 q - a scroll of enchant armour
 v - 7 scrolls of identify
 y - 4 scrolls of teleportation {unknown}
 C - a scroll of vulnerability {unknown}
 G - a scroll of noise {unknown}
 L - a scroll of acquirement {unknown}
Potions
 e - a potion of degeneration {unknown}
 n - 3 potions of haste {unknown}
 p - 2 potions of curing {unknown}
 x - 3 potions of brilliance
 z - a potion of cancellation {unknown}
 D - a potion of flight {unknown}
 F - a potion of lignification {unknown}
 K - a potion of might
Comestibles
 f - 17 rations
 r - 2 chunks of flesh


   Skills:
 - Level 9.7 Fighting
 + Level 12.8 Axes
 + Level 4.8 Armour
 + Level 10.1 Shields
 + Level 7.2 Invocations


You had 10 spell levels left.
You didn't know any spells.
Your spell library contained the following spells:

 Spells                   Type           Power        Failure   Level  Hunger
 Magic Dart               Conj           #...         100%        1    ##.....
 Sandblast                Erth           #.....       100%        1    ##.....
 Shock                    Conj/Air       #...         100%        1    ##.....
 Blink                    Tloc           N/A          100%        2    ###....
 Call Imp                 Summ           #.......     100%        2    ###....
 Passwall                 Tmut/Erth      #.......     100%        2    ###....
 Slow                     Hex            #.......     100%        2    ###....
 Swiftness                Chrm/Air       #.......     100%        2    ###....
 Conjure Flame            Conj/Fire      #.......     100%        3    ####...
 Mephitic Cloud           Conj/Pois/Air  #.......     100%        3    ####...
 Static Discharge         Conj/Air       #.......     100%        3    ####...
 Stone Arrow              Conj/Erth      #.....       100%        3    ####...
 Airstrike                Air            #.........   100%        4    #####..
 Petrify                  Tmut/Erth      #.......     100%        4    #####..
 Lee's Rapid Deconstruct  Erth           #.........   100%        5    ######.
 Lightning Bolt           Conj/Air       #.........   100%        5    ######.


Dungeon Overview and Level Annotations

Branches:
Dungeon (10/15)            Temple (0/1) D:6            Lair (0/6) D:8
    Orc: D:9-12

Altars:
Cheibriados
Elyvilon
Fedhas
Nemelex Xobeh
Okawaru
Sif Muna
Trog
Xom
Zin
The Shining One

Shops:
D:8 [

Annotations:
D:5 2 transporters, Ruokin's ghost, amateur HuMo


Innate Abilities, Weirdness & Mutations

You reflexively headbutt those who attack you in melee.
You have a pair of horns on your head.


Message History

You slash something!
The vampire mosquito bites you but does no damage.
Something hits you but does no damage. Something bites you but does no damage.
The vampire mosquito bites you but does no damage.
Unknown command.
You closely miss the vampire mosquito.
The vampire mosquito is severely damaged.
You miss something.
You block the vampire mosquito's attack.
Something hits you but does no damage. Something bites you!
* * * LOW HITPOINT WARNING * * *
You hit the tyrant leech. Your headbutt misses the tyrant leech.
The tyrant leech is lightly wounded.
You hit something.
Unholy energy fills the air.
* * * LOW HITPOINT WARNING * * *
Your plate armour prevents you from hitting the tyrant leech.
You headbutt the tyrant leech!
The tyrant leech is moderately wounded.
You closely miss something. The tyrant leech bites you!
You die...

...... ##############
......#####............#
........†..............#
.#.#....†..............#
#...................#
#.?.########........#
......#......#y.......#
...#...#......#w{......#
####...#......#@..######
#...#....).#...#
..###...)).#...#
#.#....)...#...#
#.#........#...###
#.#........#.....#
###.'........#<..###
###...#.....<..#...#
......#........#...#


You could see a tyrant leech and a vampire mosquito.

Vanquished Creatures
  2 two-headed ogres
  Joseph (D:7)
  3 hornets (D:8)
  A hippogriff (D:8)
  Sigmund (D:2)
  A vampire (D:10)
  6 humans (D:6)
  A hungry ghost (D:9)
  3 vampire mosquitoes (D:10)
  Edmund (D:4)
  Duvessa (D:5)
  A black bear (D:7)
  A sky beast (D:3)
  4 ice beasts
  An eye of draining (D:8)
  2 ogres
  2 phantoms
  4 centaurs
  2 big kobolds
  3 bullfrogs
  A gnoll sergeant (D:9)
  A wyvern zombie (D:6)
  Dowan (D:5)
  2 scorpions
  A water moccasin skeleton (D:5)
  3 killer bees (D:7)
  15 wights
  A bullfrog zombie (D:7)
  3 crimson imps
  A quasit (D:9)
  A centaur zombie (D:5)
  A hound (D:9)
  3 jellies
  A centaur skeleton (D:7)
  9 orc priests
  Crazy Yiuf (D:3)
  A bullfrog skeleton (D:7)
  Jessica (D:3)
  4 iguanas
  5 orc wizards
  5 worker ants
  2 hound skeletons (D:7)
  A worker ant zombie (D:9)
  Robin (D:3)
  8 gnolls
  4 adders
  2 shadow imps (D:7)
  An ooze (D:1)
  An adder skeleton (D:6)
  4 worms
  6 dart slugs
  A leopard gecko (D:3)
  34 orcs
  6 ball pythons
  4 giant cockroaches
  21 goblins
  16 hobgoblins
  2 jackals (D:1)
  2 quokkas
  7 bats
  2 frilled lizards
  19 kobolds
  10 rats
256 creatures vanquished.

Vanquished Creatures (others)
  A kobold (D:8)
1 creature vanquished.

Grand Total: 257 creatures vanquished

Notes
Turn   | Place    | Note
-------+----------+-------------------------------------------
     0 | D:1      | Mrkan the Minotaur Fighter began the quest for the Orb.
     0 | D:1      | Reached XP level 1. HP: 19/19 MP: 0/0
   206 | D:1      | Reached skill level 3 in Axes
   206 | D:1      | Reached XP level 2. HP: 27/27 MP: 1/1
   332 | D:1      | Reached XP level 3. HP: 31/33 MP: 2/2
   820 | D:2      | Noticed Sigmund
   837 | D:2      | Killed Sigmund
   837 | D:2      | Reached skill level 5 in Axes
   837 | D:2      | Reached XP level 4. HP: 35/41 MP: 3/3
   837 | D:2      | Reached XP level 5. HP: 41/47 MP: 4/4
  1118 | D:2      | Found a glowing silver altar of Zin.
  1124 | D:2      | Became a worshipper of Zin the Law-Giver
  1348 | D:2      | Reached skill level 5 in Shields
  1638 | D:3      | Reached skill level 5 in Fighting
  1644 | D:3      | Reached XP level 6. HP: 44/56 MP: 5/5
  1652 | D:3      | Noticed Jessica
  1653 | D:3      | Noticed a sky beast
  1663 | D:3      | Killed a sky beast
  1663 | D:3      | Reached skill level 6 in Axes
  1663 | D:3      | Reached skill level 1 in Invocations
  1669 | D:3      | Killed Jessica
  1674 | D:3      | Reached * piety under Zin
  1742 | D:3      | Noticed Robin
  1764 | D:3      | Killed Robin
  1793 | D:3      | Found a shimmering altar of Xom.
  2002 | D:3      | Reached XP level 7. HP: 56/61 MP: 7/7
  2022 | D:3      | Found a snail-covered altar of Cheibriados.
  2112 | D:3      | Found a runed translucent door.
  2113 | D:3      | Noticed Crazy Yiuf
  2121 | D:3      | Killed Crazy Yiuf
  2121 | D:3      | Reached ** piety under Zin
  2308 | D:4      | Found a sparkling altar of Nemelex Xobeh.
  2338 | D:4      | Found an iron altar of Okawaru.
  2355 | D:4      | Found a bloodstained altar of Trog.
  2362 | D:4      | Reached skill level 7 in Axes
  2542 | D:4      | Noticed Edmund
  2560 | D:4      | Killed Edmund
  2664 | D:5      | Entered Level 5 of the Dungeon
  2718 | D:5      | Noticed Duvessa
  2718 | D:5      | Noticed Dowan
  2738 | D:5      | Killed Duvessa
  2738 | D:5      | Reached XP level 8. HP: 36/71 MP: 9/9
  2748 | D:5      | Killed Dowan
  2781 | D:5      | Reached skill level 8 in Axes
  2950 | D:5      | Reached *** piety under Zin
  3028 | D:5      | Noticed Ruokin's ghost (amateur HuMo)
  3111 | D:5      | Found a transporter.
  3115 | D:5      | Found a transporter.
  3321 | D:6      | Reached skill level 9 in Axes
  3323 | D:6      | HP: 3/73 [human (7)]
  3335 | D:6      | Reached XP level 9. HP: 7/79 MP: 11/11
  3784 | D:6      | Reached skill level 10 in Axes
  3957 | D:6      | Found a staircase to the Ecumenical Temple.
  4218 | D:7      | Reached skill level 5 in Invocations
  4507 | D:7      | Reached skill level 11 in Axes
  4509 | D:7      | Noticed Joseph
  4530 | D:7      | Killed Joseph
  4662 | D:7      | Reached **** piety under Zin
  4696 | D:7      | Found a white marble altar of Elyvilon.
  4713 | D:7      | Reached XP level 10. HP: 73/90 MP: 13/13
  5472 | D:8      | Found Onesmoz's Antique Armour Shop.
  5582 | D:8      | Reached skill level 12 in Axes
  5594 | D:8      | Reached ***** piety under Zin
  5624 | D:8      | Found a staircase to the Lair.
  5682 | D:8      | Noticed a two-headed ogre
  5694 | D:8      | Killed a two-headed ogre
  5722 | D:8      | Found a shimmering blue altar of Sif Muna.
  6170 | D:9      | Found a glowing golden altar of the Shining One.
  6215 | D:9      | Noticed a two-headed ogre
  6224 | D:9      | Killed a two-headed ogre
  6233 | D:9      | Found a blossoming altar of Fedhas.
  6521 | D:9      | Found a blossoming altar of Fedhas.
  6589 | D:10     | Entered Level 10 of the Dungeon
  6594 | D:10     | Reached skill level 10 in Shields
  6642 | D:10     | Reached XP level 11. HP: 99/99 MP: 15/15
  6759 | D:10     | Mangled by a tyrant leech

Levels and vault maps discovered:
D:1:      dpeg_arrival_castle, layout_basic
D:2:      layout_loops_corners, zin_treasury, uniq_sigmund
D:3:      layout_rooms, lemuel_round_altar, old_standard_altar,
          minmay_misc_feat_tiny, uniq_crazy_yiuf_cottage, uniq_jessica,
          uniq_robin
D:4:      layout_rooms, okawaru_gym_becter, bloody_trog, lemuel_round_altar,
          uniq_edmund
D:5:      layout_loops_ring, gammafunk_ghost_hive, first_ration,
          minmay_diced_spiral, uniq_duvessa
D:6:      layout_cave_pools, minmay_temple_entry_nine_rooms, minmay_ruffians
D:7:      layout_basic, elyvilon_altar_5, uniq_joseph
D:8:      layout_cave_pools, overflow_temple_1_default, dpeg_oklobed_lair,
          serial_shops, kennysheep_little_box, hangedman_pestilent_swarm,
          serial_park_tiny_1
D:9:      layout_cave_pools, tso_metal_star, marbit_many_paths, fedhas_altar_4
D:10:     layout_irregular_city, basic_altar,
          minmay_guarded_unrand_vampires_tooth, uniq_erica

Skill      XL: |  1  2  3  4  5  6  7  8  9 10 |
---------------+-------------------------------+-----
Axes           | 3 5 6 7 9 11 12 | 12.8
Fighting       | 4 5 6 7 8 9 |  9.7
Shields        | 4 5 6 7 8 10 | 10.1
Invocations    | 1 2 4 5 7 |  7.2
Armour         | 4 |  4.8

Action                   |  1- 3 |  4- 6 |  7- 9 | 10-12 || total
-------------------------+-------+-------+-------+-------++-------
Melee: War axe           |    73 |   128 |   326 |   222 ||   749
       Headbutt          |     7 |    20 |    66 |    52 ||   145
Invok: Recite            |       |       |     1 |     5 ||     6
       Vitalisation      |       |       |       |     2 ||     2
  Use: Potion            |       |     2 |     3 |     1 ||     6
       Scroll            |       |       |     7 |       ||     7
  Eat: Chunk             |       |     4 |     5 |     1 ||    10
       Ration            |       |       |     1 |     3 ||     4
Armor: Scale mail        |    27 |    38 |    59 |       ||   124
       Chain mail        |       |       |    46 |    52 ||    98
       Plate armour      |       |       |       |    51 ||    51
Dodge: Dodged            |    27 |    33 |    69 |    38 ||   167
Block: Shield            |    51 |    55 |   169 |   145 ||   420
